 Dungeon Crawl Stone Soup version 0.30-a0-359-gd0147acb1a (webtiles) character file.

Game seed: 12759161001347483306

4748 bande the Cleaver (level 10, -2/61 HPs)
             Began as a Gargoyle Fighter on Nov 11, 2022.
             Was a Follower of Okawaru.
             Slain by a two-headed ogre
             ... wielding a +0 dire flail
              (10 damage)
             ... on level 10 of the Dungeon on Nov 12, 2022.
             The game lasted 00:16:40 (9809 turns).

bande the Cleaver (Gargoyle Fighter)                Turns: 9809, Time: 00:16:41

Health: -2/61      AC: 24    Str: 20    XL:     10   Next: 46%
Magic:  0/11       EV:  3    Int:  9    God:    Okawaru [*.....]
Gold:   593        SH: 14    Dex: 13    Spells: 9/9 levels left

rFire   + . .      SeeInvis .    C - +2 war axe
rCold   + . .      Faith    .    E - +0 tower shield
rNeg    + . .      Spirit   +    J - +0 plate armour
rPois   ∞          Reflect  .    y - +0 helmet
rElec   +          Harm     .    z - scarf {rC+ rF+}
rCorr   +          Rampage  .    q - +0 pair of gloves
Will    .....                    g - +0 pair of boots
Stlth   ..........               l - amulet of guardian spirit
HPRegen 0.30/turn                i - ring of resist corrosion
MPRegen 0.12/turn                (no ring)

@: mighty, flying
A: sickness immunity, AC +7, negative energy resistance 1, electricity
resistance, torment resistance 1, petrification resistance
a: Renounce Religion, Heroism


You were on level 10 of the Dungeon.
You worshipped Okawaru.
Okawaru was aware of your devotion.
You visited 2 branches of the dungeon, and saw 11 of its levels.

You collected 593 gold pieces.

Inventory:

Hand Weapons
 a - a +1 war axe
 C - a +2 war axe (weapon)
Armour
 g - a +0 pair of boots (worn)
 k - a +0 cloak
 q - a +0 pair of gloves (worn)
 s - the +5 ring mail of Sophism {rF+}
   (You found it on level 4 of the Dungeon)

   rF:        It protects you from fire.
 y - a +0 helmet (worn)
 z - a scarf of resistance (worn)
 E - a +0 tower shield (worn)
 J - a +0 plate armour (worn)
Jewellery
 i - a ring of resist corrosion (left hand)
 j - an amulet of the acrobat
 l - an amulet of guardian spirit (around neck)
 u - a +6 ring of intelligence
 w - a +6 ring of intelligence
 G - an amulet of regeneration
Wands
 b - a wand of charming (9)
 c - a wand of polymorph (2)
 t - a wand of iceblast (13)
 B - a wand of mindburst (6)
Scrolls
 f - a scroll of enchant weapon
 h - 8 scrolls of teleportation
 p - a scroll of identify
 r - a scroll of blinking
 F - 2 scrolls of magic mapping
 K - a scroll of enchant armour {unknown}
Potions
 e - a potion of flight
 m - a potion of invisibility {unknown}
 n - 2 potions of curing
 v - a potion of haste {unknown}
 x - a potion of cancellation {unknown}
 A - 4 potions of degeneration {unknown}
 D - a potion of magic {unknown}
 H - a potion of brilliance {unknown}
 I - 2 potions of ambrosia {unknown}


   Skills:
 + Level 6.6 Fighting
 + Level 9.9 Axes
 + Level 7.1 Armour
 - Level 0.2 Stealth
 + Level 6.7 Shields
 * Level 2.4 Invocations
 * Level 3.8 Evocations


You had 9 spell levels left.
You didn't know any spells.
Your spell library contained the following spells:

 Spells                   Type           Power      Damage    Failure   Level
 Kiss of Death            Conj/Necr      0%         2d5       100%        1
 Ensorcelled Hibernation  Hex/Ice        0%         N/A       100%        2
 Passwall                 Tmut/Erth      0%         N/A       100%        2
 Confusing Touch          Hex            0%         N/A       100%        3
 Kindle Blastsparks       Fire/Tloc/Air  0%         2d10      100%        3
 Swiftness                Air            0%         N/A       100%        3
 Dispel Undead            Necr           0%         3d6       100%        4
 Fulminant Prism          Conj/Hex       0%         3d5       100%        4
 Iskenderun's Mystic Bla  Conj/Tloc      0%         2d3       100%        4
 Freezing Cloud           Conj/Ice/Air   0%         6-21      100%        5
 Lee's Rapid Deconstruct  Erth           0%         3d4*      100%        5
 Polar Vortex             Ice            0%         N/A       100%        9
 Simulacrum               Ice/Necr       Unusable   N/A       N/A         6

Dungeon Overview and Level Annotations

Branches:
Dungeon (10/15)            Temple (1/1) D:7             Orc (0/2) D:9
   Lair: D:8-11

Altars:
Ashenzari
Cheibriados
Dithmenos
Elyvilon
Fedhas
Gozag
Hepliaklqana
Kikubaaqudgha
Makhleb
Nemelex Xobeh
Okawaru
Qazlal
Ru
Sif Muna
Trog
Uskayaw
Vehumet
Wu Jian
Xom
Yredelemnul
Zin
The Shining One


Innate Abilities, Weirdness & Mutations

You are immune to sickness and miasma.
Your stone body is resilient. (AC +7)
You are immune to poison.
You resist negative energy. (rN+)
You are resistant to electric shocks. (rElec)
You are resistant to unholy torment.
You are immune to petrification.


Message History

The two-headed ogre barely misses you.
The wight hits you with a +0 long sword.
The wight barely misses you. The wight hits you but does no damage.
You feel very buoyant.
You fly up into the air.
The wight hits you with a +0 long sword.
* * * LOW HITPOINT WARNING * * *
You block the wight's attack. x2; You block the two-headed ogre's attack. x2
You feel very mighty all of a sudden. The wight hits you with a +0 war axe.
* * * LOW HITPOINT WARNING * * *
The wight hits you with a +0 long sword.
* * * LOW HITPOINT WARNING * * *
You block the wight's attack.
Unknown command.
You slash the two-headed ogre!
The two-headed ogre is heavily wounded.
You slash the wight! x3; You block the two-headed ogre's attack.
The two-headed ogre hits you but does no damage.
You block the wight's attack. x2; The wight hits you but does no damage.
The wight hits you with a +0 long sword.
* * * LOW HITPOINT WARNING * * *
The wight hits you but does no damage. The wight barely misses you.
You closely miss the two-headed ogre.
The two-headed ogre is heavily wounded.
You closely miss the wight. You slash the wight!
You destroy the wight!
Okawaru accepts your kill.
You slash the wight!
You destroy the wight!
Okawaru accepts your kill. You block the two-headed ogre's attack.
The two-headed ogre hits you with a +0 giant spiked club.
* * * LOW HITPOINT WARNING * * *
The wight hits you but does no damage.
You closely miss the two-headed ogre.
The two-headed ogre is heavily wounded.
You barely miss the wight.
The two-headed ogre hits you with a +0 dire flail!
You die...

#.##.#.##. #.##......
#.######## #.# #
#######.###### #..
#...<.....>..###
#...#####.###...#.##....
......))>.###......#....
......O@................
......z...##......##....
#...#####.##.#.<####....
#.. #............### #
####.#########
#.###########
#.##.........
##.##.######## #####
##...#.# #..


You could see a two-headed ogre and a wight.

Vanquished Creatures
  Pikel (D:6)
  3 wyverns
  4 yaks (D:10)
  A wraith (D:6)
  A steam dragon (D:7)
  Duvessa (D:6)
  A water moccasin (D:7)
  An orc warrior (D:9)
  A black bear (D:7)
  An ice beast (D:6)
  An ogre (D:5)
  2 centaurs
  A lemure (D:6)
  2 necrophages
  2 kobold brigands (D:9)
  3 bullfrogs
  4 scorpions
  7 wights
  Dowan (D:6)
  A killer bee (D:9)
  2 howler monkeys (D:8)
  A jelly (D:6)
  Crazy Yiuf (D:4)
  7 orc priests
  4 hounds
  An iron imp (D:9)
  3 iguanas
  5 orc wizards
  4 gnolls (D:3)
  7 adders
  A shadow imp (D:7)
  3 ufetubi
  A worm (D:2)
  4 dart slugs
  25 orcs
  9 ball pythons
  2 bats
  7 endoplasms
  5 giant cockroaches
  7 goblins
  5 hobgoblins
  4 jackals (D:1)
  4 quokkas
  8 frilled lizards
  13 kobolds
  5 rats
177 creatures vanquished.

Vanquished Creatures (others)
  Maurice (D:8)
  A sky beast (D:7)
  A plant (D:4)
3 creatures vanquished.

Grand Total: 180 creatures vanquished

Notes
Turn   | Place    | Note
-------+----------+-------------------------------------------
     0 | D:1      | bande the Gargoyle Fighter began the quest for the Orb.
     0 | D:1      | Reached XP level 1. HP: 14/14 MP: 1/1
    36 | D:1      | Reached XP level 2. HP: 19/19 MP: 2/2
   352 | D:1      | Reached skill level 2 in Axes
   548 | D:1      | Reached XP level 3. HP: 23/23 MP: 3/3
   677 | D:1      | Found a faded altar of an unknown god.
  1052 | D:2      | Reached XP level 4. HP: 28/28 MP: 4/4
  1057 | D:2      | Identified the +9 short sword of the Final Chapter {elec,
                  | Fragile Will++}
  1352 | D:2      | Reached skill level 3 in Axes
  1866 | D:3      | Reached XP level 5. HP: 33/33 MP: 5/5
  2398 | D:3      | Reached XP level 6. HP: 29/38 MP: 6/6
  2788 | D:3      | Reached skill level 4 in Axes
  3005 | D:4      | Identified the +2 ring mail of Indomitability {Stlth+}
  3071 | D:4      | Found a runed translucent door.
  3072 | D:4      | Noticed Crazy Yiuf
  3454 | D:4      | Identified the +5 ring mail of Sophism {rF+}
  3800 | D:4      | Killed Crazy Yiuf
  3865 | D:5      | Entered Level 5 of the Dungeon
  3878 | D:5      | Reached skill level 5 in Armour
  3909 | D:5      | Reached XP level 7. HP: 36/43 MP: 5/7
  4098 | D:5      | Reached skill level 5 in Axes
  4497 | D:6      | Reached skill level 6 in Axes
  4497 | D:6      | Reached XP level 8. HP: 19/48 MP: 3/8
  4708 | D:6      | Noticed Pikel
  4712 | D:6      | Noticed Duvessa
  4715 | D:6      | Noticed Dowan
  4742 | D:6      | Killed Pikel
  4743 | D:6      | Reached skill level 5 in Fighting
  4743 | D:6      | Reached skill level 7 in Axes
  4756 | D:6      | Killed Dowan
  4762 | D:6      | Killed Duvessa
  4763 | D:6      | Reached skill level 5 in Shields
  4957 | D:6      | Noticed a wraith
  4974 | D:6      | Killed a wraith
  4975 | D:6      | Reached skill level 8 in Axes
  4975 | D:6      | Reached XP level 9. HP: 43/54 MP: 7/9
  5020 | D:6      | Found a hide-covered altar of Uskayaw.
  5936 | D:7      | Reached skill level 1 in Evocations
  6102 | D:7      | Found a staircase to the Ecumenical Temple.
  6109 | Temple   | Entered the Ecumenical Temple
  6345 | D:7      | Identified the +1 scale mail of Intuition {+Inv Str+7
                  | Int-3}
  6994 | D:8      | Reached skill level 9 in Axes
  7144 | D:8      | Noticed Maurice
  7474 | D:8      | Killed Maurice
  8377 | D:9      | Found an iron altar of Okawaru.
  8386 | D:9      | Became a worshipper of Warmaster Okawaru
  8401 | D:9      | Reached XP level 10. HP: 60/60 MP: 8/10
  8599 | D:9      | Found a staircase to the Orcish Mines.
  8664 | D:9      | Reached skill level 1 in Invocations
  8740 | D:9      | Found a snail-covered altar of Cheibriados.
  9047 | D:9      | Found a glowing golden altar of the Shining One.
  9505 | D:10     | Entered Level 10 of the Dungeon
  9629 | D:10     | Reached * piety under Okawaru
  9793 | D:10     | Noticed a two-headed ogre
  9809 | D:10     | Slain by a two-headed ogre

Illustrated notes

Levels and vault maps discovered:
D:1:      saegor_arrival_miasma, layout_basic,
          shapermc_ecumenical_altar_starsandcircs, item_on_display_a
D:2:      layout_loops_ring, wander_ebering_terrifying_dragon_lair
D:3:      layout_loops_ring, wad_orctagon
D:4:      layout_loops_corners, serial_forest, infiniplex_forest_clump_diagonal,
          infiniplex_forest_end_1, infiniplex_forest_clump_double,
          infiniplex_forest_join, infiniplex_forest_clump_double,
          infiniplex_forest_end_1, infiniplex_forest_clump_diagonal,
          infiniplex_forest_side_room, infiniplex_forest_lined_3_way,
          infiniplex_forest_lined_2, uniq_crazy_yiuf_cottage
D:5:      layout_rooms
D:6:      layout_layer_cave, nicolae_uskayaw_murder_on_the_dancefloor,
          uniq_pikel, uniq_duvessa
D:7:      layout_loops_cross, temple_fountains
D:8:      layout_cave_pods, uniq_maurice
D:9:      cheibrodos_helix_gallery, layout_stronghold, okawaru_metal_pillars_3,
          slow_altar_1, mainiacjoe_overflow_surrounded_room, orc_0_dummy
D:10:     layout_loops_cross
Temple:   nicolae_temple_two_arcs

Skill      XL: |  1  2  3  4  5  6  7  8  9 10 |
---------------+-------------------------------+-----
Axes           | 2 3 4 6 8 9 |  9.9
Shields        | 4 5 6 |  6.7
Armour         | 4 5 6 7 |  7.1
Fighting       | 4 5 6 |  6.6
Evocations     | 3 |  3.8
Invocations    | 2 |  2.4
Stealth        | |  0.2

Action                   |  1- 3 |  4- 6 |  7- 9 | 10-12 || total
-------------------------+-------+-------+-------+-------++-------
Melee: War axe           |   126 |   155 |   283 |   105 ||   669
Evoke: Wand              |       |       |     1 |     1 ||     2
  Use: Scroll            |     5 |     1 |     7 |     1 ||    14
       Potion            |       |       |     3 |     3 ||     6
Armor: Scale mail        |    89 |    72 |       |       ||   161
       Ring mail         |       |    15 |   207 |    10 ||   232
       Plate armour      |       |       |       |    74 ||    74
Dodge: Dodged            |    76 |    74 |   155 |    17 ||   322
Block: Buckler           |    35 |    31 |    47 |       ||   113
       Tower shield      |       |       |    94 |   118 ||   212

Table legend: (Time is in decaauts)
 A = Elapsed time spent in this place.
 B = Non-inter-level travel time spent in this place.
 C = Inter-level travel time spent in this place.
 D = Time resting spent in this place.
 E = Time spent auto-exploring this place.
 F = Levels seen in this place.
 G = Mean time per level.
                   A        B        C        D        E       F      G
               +--------+--------+--------+--------+--------+-----+--------+
         Total |  10047 |   9753 |    294 |   1654 |   6204 |  11 |  913.4 |
       Dungeon |   9903 |   9609 |    294 |   1654 |   6115 |  10 |  990.3 |
        Temple |    144 |    144 |      0 |      0 |     89 |   1 |  144.0 |
               +--------+--------+--------+--------+--------+-----+--------+

Top non-repeatable levels by time:
     D:6: 1485 daAuts
     D:9: 1288 daAuts
     D:7: 1162 daAuts
     D:8: 1150 daAuts
     D:4: 1056 daAuts
     D:1: 1037 daAuts
     D:3: 1008 daAuts
     D:2: 867 daAuts
     D:5: 526 daAuts
    D:10: 319 daAuts
  Temple: 144 daAuts
